 Dungeon Crawl Stone Soup version 0.31.0-1-g2c135a008e (webtiles) character file.

Game seed: 1903157610119901973

196 qw the Shooter (level 6, -4/46 HPs)
             Began as a Djinni Hunter on Jan 23, 2024.
             Slain by a cerulean imp
             ... wielding a +0 spear
             ... summoned by Natasha
              (5 damage)
             ... on level 4 of the Dungeon.
             The game lasted 00:00:11 (2363 turns).

qw the Shooter (Djinni Hunter)                      Turns: 2363, Time: 00:00:12

Health: -4/46      AC:  5    Str: 10    XL:     6   Next: 4%
Gold:   124        EV: 13    Int: 10    God:
                   SH:  0    Dex: 19

rFire   + + .        a - +0 shortbow
rCold   x . .        (shield currently unavailable)
rNeg    . . .        c - +0 leather armour
rPois   inf          (no helmet)
rElec   .            d - +1 cloak
rCorr   .            (no gloves)
SInv    .            (boots unavailable)
Will    .....        f - amulet of faith
Stlth   ++           (no ring)
HPRegen 0.27/turn    (no ring)
MPRegen 0.00/turn

%: faith, infuse magic (-5 HP)
@: flying
A: sickness immunity, fire resistance 2, cold vulnerability 1, float, innate
caster, HP casting, extra vitality 1
a: no special abilities


You were on level 4 of the Dungeon.
You visited 1 branch of the dungeon, and saw 4 of its levels.

You collected 124 gold pieces.


Innate Abilities, Weirdness & Mutations

You are immune to sickness and miasma.
You are immune to poison.
Your flesh is very heat resistant. (rF++)
You are vulnerable to cold. (rC-)
You float through the air rather than walking.
You learn spells naturally, not from books.
Your magical power is your life essence.
You have superior vitality. (+4 MHP)


   Skills:
 - Level 3.0 Fighting
 + Level 4.8 Ranged Weapons
 - Level 3.4 Dodging
 - Level 0.7 Stealth


You knew the following spells:

 Your Spells              Type           Power      Damage    Failure   Level
a - Freeze                Ice            0%         1d3       45%         1
b - Mercury Vapours       Alch/Air       0%         N/A       61%         2
Your spell library was empty.

Inventory:

Hand Weapons
 a - a +0 shortbow (weapon)
Armour
 c - a +0 leather armour (worn)
 d - a +1 cloak (worn)
Jewellery
 f - an amulet of faith (around neck)
Scrolls
 b - a scroll of fear {unknown}
 h - a scroll of vulnerability {unknown}
Potions
 e - a potion of enlightenment
 g - a potion of invisibility {unknown}

Dungeon Overview and Level Annotations

Branches:
Dungeon (4/15)
 Temple: D:4-7

Altars:
Nemelex Xobeh
Ru

Annotations:
D:3 2 transporters, qw's ghost, amateur GrHu
D:4 Natasha


Message History

You shoot an arrow. The arrow hits the ogre.
The ogre is lightly wounded.
The ogre hits you with a +0 giant spiked club!!
You shoot an arrow. The arrow hits the ogre!
The ogre is moderately wounded.
Natasha hisses.
Natasha casts a spell.
Enter note:
Enter note: You shoot an arrow.
The arrow hits the ogre.
The ogre is moderately wounded.
The ogre misses you.
Natasha casts a spell.
You shoot an arrow. The arrow hits the ogre.
The ogre is severely wounded.
The ogre hits you with a +0 giant spiked club!!
Ouch! That really hurt!
The cerulean imp hits you but does no damage.
You shoot an arrow. The arrow hits the ogre.
The ogre is severely wounded.
The ogre barely misses you. The cerulean imp barely misses you.
You shoot an arrow. The arrow hits the ogre.
The ogre is almost dead.
Natasha casts a spell.
The cerulean imp hits you but does no damage. x2
The ogre closely misses you.
Enter note:
Enter note:
2361 ||| RETREEEEATING.
The cerulean imp hits you with a +0 spear.
You shoot an arrow.
The arrow barely misses the cerulean imp.
The cerulean imp closely misses you.
The cerulean imp hits you but does no damage.
Enter note:
Enter note: You shoot an arrow.
The arrow hits the ogre!
You kill the ogre!
The cerulean imp hits you with a +0 spear.
You die...

#
#..............#####
#......)######..###
#........# #....## #
#........# #...#...
### #........#
#.#.###.. PP##
#........##.#.## ##.
PP.# #.......##.#.#
## P.#.#
#......##.#.# # ###
# ##5@..##.#.#
#5##)## .# #.h.##
.....5# .....# ....#
#..# ... ..


You could see 2 cerulean imps.

Vanquished Creatures
  An ogre (D:4)
  A jelly (D:4)
  An orc wizard (D:3)
  6 adders
  8 orcs (D:3)
  10 endoplasms
  4 giant cockroaches
  9 goblins
  2 hobgoblins (D:3)
  3 jackals (D:4)
  8 kobolds
  2 quokkas (D:1)
  5 ball pythons
  6 bats
  6 frilled lizards
  5 rats
77 creatures vanquished.

Notes
Turn   | Place    | Note
-------+----------+-------------------------------------------
     0 | D:1      | qw the Djinni Hunter began the quest for the Orb.
     0 | D:1      | Reached XP level 1. HP: 18/18 MP: 0/0
     0 | D:1      | 0 ||| qw: Version: 0.3-a-135-gb77e89d
     0 | D:1      | 0 ||| qw: Game counter: 804
     0 | D:1      | 0 ||| qw: Melee chars always use a shield: true
     0 | D:1      | 0 ||| qw: God list: Okawaru
     0 | D:1      | 0 ||| qw: Allow faded altars: false
     0 | D:1      | 0 ||| qw: Do Orc after clearing Dungeon:15 true
     0 | D:1      | 0 ||| qw: Do second Lair branch before Depths: true
     0 | D:1      | 0 ||| qw: Lair rune preference: random
     0 | D:1      | 0 ||| qw: Goals: Normal
     0 | D:1      | 0 ||| PLANNING D:1-11
   133 | D:1      | Reached XP level 2. HP: 23/23 MP: 0/0
   349 | D:1      | Reached skill level 4 in Ranged Weapons
   349 | D:1      | Reached XP level 3. HP: 28/28 MP: 0/0
   349 | D:1      | Learned a level 1 spell: Freeze
   530 | D:1      | 530 ||| UPGRADING to +0 cloak.
   535 | D:1      | 535 ||| UPGRADING to amulet of faith.
   540 | D:1      | 540 ||| READING 2 scrolls labelled ZECOIHIYZIS.
   540 | D:1      | 540 ||| IDENTIFYING fizzy pink potion
   541 | D:1      | 541 ||| READING scroll of identify.
   541 | D:1      | 541 ||| IDENTIFYING sapphire potion
   542 | D:1      | 542 ||| READING scroll labelled LIHO ZOLARATA.
   542 | D:1      | 542 ||| ENCHANTING +0 cloak.
   543 | D:1      | 543 ||| DROPPING scroll of butterflies.
   544 | D:1      | 544 ||| DROPPING potion of brilliance.
   545 | D:1      | 545 ||| DROPPING potion of lignification.
   686 | D:2      | Reached XP level 4. HP: 34/34 MP: 0/0
   688 | D:2      | Found a sparkling altar of Nemelex Xobeh.
   768 | D:2      | Reached skill level 3 in Fighting
  1054 | D:2      | 1054 ||| READING 2 scrolls of identify.
  1054 | D:2      | 1054 ||| IDENTIFYING metallic golden potion
  1108 | D:3      | Found a transporter.
  1180 | D:3      | Reached skill level 3 in Dodging
  1279 | D:3      | Reached XP level 5. HP: 40/40 MP: 0/0
  1279 | D:3      | Learned a level 2 spell: Mercury Vapours
  1417 | D:3      | Found a transporter.
  1439 | D:3      | Noticed qw's ghost (amateur GrHu)
  1485 | D:3      | Found a faded altar of an unknown god.
  1910 | D:3      | 1910 ||| READING scroll of identify.
  1910 | D:3      | 1910 ||| IDENTIFYING smoky amethyst potion
  1911 | D:3      | 1911 ||| READING scroll labelled BIJAFE QUTHA.
  1912 | D:3      | 1912 ||| DROPPING potion of degeneration.
  1952 | D:4      | Found a sacrificial altar of Ru.
  2076 | D:4      | 2076 ||| FLEEEEING.
  2077 | D:4      | 2077 ||| FLEEEEING.
  2078 | D:4      | 2078 ||| FLEEEEING.
  2123 | D:4      | Reached XP level 6. HP: 46/46 MP: 0/0
  2351 | D:4      | Noticed an ogre
  2352 | D:4      | Noticed Natasha
  2358 | D:4      | HP: 3/46 [ogre/+0 giant spiked club (23)]
  2361 | D:4      | 2361 ||| RETREEEEATING.
  2361 | D:4      | HP: 1/46 [cerulean imp/+0 spear[Natasha] (3)]
  2363 | D:4      | Killed an ogre
  2363 | D:4      | Slain by a cerulean imp

Levels and vault maps discovered:
D:1:      lemuel_arrival_room, layout_rooms, reono_crystal_passage,
          nicolae_concentric_dashed_squares_mild
D:2:      layout_loops_ring, basic_altar, fountainhead, nrook_mini_vaults
D:3:      layout_loops_ring, shapermc_ecumenical_altar_totnotflames,
          gammafunk_ghost_gnarly_gnolls
D:4:      minmay_inner_zag, layout_rooms,
          mainiacjoe_overflow_concentric_impassable, minmay_temple_entry_tees,
          roderic_lattice_a, minivault_25, uniq_natasha, uniq_crazy_yiuf_cottage

Skill      XL: |  1  2  3  4 |
---------------+-------------+-----
Ranged Weapons | 4 |  4.8
Fighting       | 3 |  3.0
Dodging        | 3 |  3.4
Stealth        | |  0.7

Action                     |  1- 3 |  4- 6 || total
---------------------------+-------+-------++-------
   Fire: Shortbow          |    73 |   157 ||   230
    Use: Scroll            |     3 |     3 ||     6
 Armour: Leather armour    |    12 |    52 ||    64
  Dodge: Dodged            |     9 |    34 ||    43

Table legend:
 A = Non-vault XP
 B = Vault XP
 C = Vault XP percentage of total XP
 D = Non-vault monster count
 E = Vault monster count
 F = Vault count percentage of total count
                 A         B        C        D         E       F
            +---------+---------+-------+---------+---------+-------
      Total |     390 |       0 |   0.0 |      77 |       0 |   0.0
            +---------+---------+-------+---------+---------+-------
        D:1 |      37 |       0 |   0.0 |      23 |       0 |   0.0
        D:2 |      43 |       0 |   0.0 |      14 |       0 |   0.0
        D:3 |     130 |       0 |   0.0 |      29 |       0 |   0.0
        D:4 |     180 |       0 |   0.0 |      11 |       0 |   0.0
            +---------+---------+-------+---------+---------+-------
